Pick #1

Connor Bedard
Pick #2

Leo Carlsson
Pick #3

Adam Fantilli
Pick #4

Matvei Michkov
Pick #5

David Reinbacher
Pick #6

William Smith
Pick #7

Zachary Benson
Pick #8

Ryan Leonard
Pick #9

Gabriel Perreault
Pick #10

Axel Sandin-Pellika
Pick #11

Daniil But
Pick #12

Dalibor Dvorsky
Pick #13

Quentin Musty
Pick #14

Brayden Yager
Pick #15

Dmitry Simashev
Pick #16

Colby Barlow
Pick #17

Andrew Cristall
Pick #18

Easton Cowan
Pick #19

Jacob Fowler
Pick #20

Oliver Moore
Pick #21

Oliver Bonk
Pick #22

Tom Willander
Pick #23

Calum Ritchie
Pick #24

Tanner Molendyk
Pick #25

Gavin Brindley
Pick #26

Nate Danielson
Pick #27

Pick #28

Pick #29

Pick #30

Pick #31

Pick #32

Pick #33

Pick #34

Pick #35

Pick #36

Pick #37

Pick #38

Pick #39

Pick #40

Pick #41

Pick #42

Pick #43

Pick #44

Pick #45

Pick #46

Pick #47

Pick #48

Pick #49

Pick #50

Pick #51

Pick #52

Pick #53

Pick #54

Pick #55

Pick #56

Pick #57

Pick #58

Pick #59

Pick #60

Pick #61

Pick #62

Pick #63

Pick #64

Pick #65

Pick #66

Pick #67

Pick #68

Pick #69

Pick #70

Pick #71

Pick #72

Pick #73

Pick #74

Pick #75

Pick #76

Pick #77

Pick #78

Pick #79

Pick #80

Pick #81

Pick #82

Pick #83

Pick #84

Pick #85

Pick #86

Pick #87

Pick #88

Pick #89

Pick #90

Pick #91

Pick #92

Pick #93

Pick #94

Pick #95

Pick #96

Pick #97

Pick #98

Pick #99

Pick #100

Pick #101

Pick #102

Pick #103

Pick #104

Pick #105

Pick #106

Pick #107

Pick #108

Pick #109

Pick #110

Pick #111

Pick #112

Pick #113

Pick #114

Pick #115

Pick #116

Pick #117

Pick #118

Pick #119

Pick #120

Pick #121

Pick #122

Pick #123

Pick #124

Pick #125

Pick #126

Pick #127

Pick #128

Pick #129

Pick #130

Full Scoreboard »»

Panthers vs Jets

Created - November 20, 2023 at 20:28

Goals
1 2 3 T
Panthers 1 0 2 3
Jets 0 1 0 1
Shots
1 2 3 T
Panthers 7 9 10 26
Jets 3 7 10 20

GoalsPenalties
1st period
1. Panthers , Mikael Backlund 3 (Jamie Benn 4, Quinn Hughes 20) at 15:37
Jake Sanderson (FLA) for Interference (Minor) at 10:25
Alexandre Carrier (FLA) for Hooking (Minor) at 15:58
2nd period
2. Jets , Nate Schmidt 1 (Andre Burakovsky 10, Nick Schmaltz 13) at 4:26 (PP)
Charlie McAvoy (FLA) for Interference (Minor) at 2:50
3rd period
3. Panthers , Aleksander Barkov 12 (Andrei Svechnikov 12, Matthew Tkachuk 12) at 12:24
4. Panthers , Roope Hintz 8 (Quinn Hughes 21, Charlie McAvoy 11) at 18:49
Dmitry Orlov (WPG) for Cross-checking (Minor) at 6:20
Brady Tkachuk (FLA) for Roughing (Minor) at 6:22
Andreas Athanasiou (WPG) for Hooking (Minor) at 14:47
Goalie Stats
Alexandar Georgiev (FLA), 19 saves from 20 shots - (0.950), W, 14-3-1, 60:00 minutes
Tristan Jarry (WPG), 23 saves from 26 shots - (0.885), L, 5-8-2, 60:00 minutes
3 StarsOfficial
1 - Quinn Hughes (FLA)
2 - Andrei Svechnikov (FLA)
3 - Roope Hintz (FLA)
Referees : Shaun Davis and Chris Schlenker
Linesman : Luke Murray and Libor Suchanek
Game Note
No Game Note
Finance
Level 1 -- Attendance: 4897 (81.62%) -- Ticket Income $661,095
Level 2 -- Attendance: 3204 (64.08%) -- Ticket Income $400,500
Level 3 -- Attendance: 1482 (67.36%) -- Ticket Income $177,840
Level 4 -- Attendance: 843 (82.97%) -- Ticket Income $96,945
Luxury Box -- Attendance: 488 (61.00%) -- Ticket Income $170,800
Game was played at the Canada Life Center.
Total Attendance: 10914 (72.68%)
Total Ticket Income: $1,507,180
Other Income: $376,795
Total Income: $1,883,975



Team Name Goals Shots Shots Attemp Shots Blocked PIM HIT PP PK FO%
Panthers 3265888300 / 2 (0%)160%
Jets 12045114331 / 4 (25%)040%

Panthers
Player Name POS G A P +/- PIM HIT SHT SB MP PP MP PP SHT PK MP PK SHT FO% FOT
Aleksander BarkovC1011004019:410:0000:24063% 24
Alexandre CarrierD0000200014:030:0000:0600% 0
Andrei SvechnikovRW0111061021:241:0300:000100% 1
Brady TkachukLW0001270116:280:5700:32050% 2
Charlie McAvoyD0112231122:430:5602:1900% 0
Emil BemstromRW0001000010:270:0000:0000% 0
Frederick GaudreauC000000108:070:5801:26060% 5
Jake SandersonD0001220121:231:0501:2300% 0
Jamie BennLW0111032012:231:0300:000100% 2
Matthew TkachukLW0111011019:170:0000:0000% 1
Michael McLeodC000002109:170:0003:3400% 0
Mikael BacklundC1011005016:201:0303:46065% 23
Oliver Ekman-LarssonD0000021215:460:0001:4800% 0
Owen PowerD0001021222:121:0502:1100% 0
Quinn HughesD0222000123:500:5603:2500% 0
Robby FabbriC000001105:430:0000:0000% 0
Roope HintzC1011016018:200:5801:30047% 19
Shane PintoC0001001014:590:0000:000100% 1
Jets
Player Name POS G A P +/- PIM HIT SHT SB MP PP MP PP SHT PK MP PK SHT FO% FOT
Andre BurakovskyLW011-1023020:492:3110:3700% 1
Andreas AthanasiouC000-1242018:083:0310:02042% 26
Connor MurphyD000-2031117:150:0001:0500% 0
Darren HelmC000-101009:530:0000:50038% 8
Dmitry OrlovD000-1280423:412:4200:5600% 0
Garnet HathawayRW000-1040110:140:0001:11033% 3
Gustav NyquistC000-1002116:282:3310:0000% 1
Hampus LindholmD000-1020025:032:5400:5600% 0
Jake BeanD0000020015:080:0000:0000% 0
Mark JankowskiC0000011010:560:0000:00044% 9
Nate SchmidtD1010012017:422:4220:0000% 0
Nick SchmaltzC011-1002021:132:3101:22050% 20
Oliver BjorkstrandRW000-1012117:003:0510:0000% 2
Oskar SundqvistC0000001010:560:0000:00050% 2
Reilly SmithRW000-1012016:320:0000:00050% 2
Thomas NovakC000-100209:030:0000:0000% 0
Torey KrugD000-2010321:102:5401:0500% 0
Victor OlofssonLW0000020014:493:0500:0000% 4



Play-by-Play

1st period


0:01 of 1st period - Aleksander Barkov wins face-off versus Nick Schmaltz in neutral zone.
0:34 of 1st period - Aleksander Barkov is hit by Dmitry Orlov and loses puck.
0:55 of 1st period - Shot by Roope Hintz.
0:55 of 1st period - Stopped by Tristan Jarry with a rebound.
0:57 of 1st period - Shot by Jake Sanderson.
0:57 of 1st period - Shot Blocked by Dmitry Orlov.
1:01 of 1st period - Shot by Brady Tkachuk.
1:01 of 1st period - Shot Blocked by Dmitry Orlov.
1:03 of 1st period - Shot by Owen Power.
1:03 of 1st period - Stopped by Tristan Jarry without a rebound.
1:04 of 1st period - Andreas Athanasiou wins face-off versus Mikael Backlund in Jets zone.
1:04 of 1st period - Andreas Athanasiou is hit by Jamie Benn.
1:07 of 1st period - Gustav Nyquist is hit by Jamie Benn and loses puck.
1:24 of 1st period - Shot by Jamie Benn.
1:24 of 1st period - Deflect By Emil Bemstrom.
1:24 of 1st period - Shot Blocked by Connor Murphy.
1:26 of 1st period - Shot by Oliver Ekman-Larsson.
1:26 of 1st period - Stopped by Tristan Jarry without a rebound.
1:27 of 1st period - Mark Jankowski wins face-off versus Roope Hintz in Jets zone.
1:27 of 1st period - Mark Jankowski is hit by Brady Tkachuk.
3:25 of 1st period - Shot by Thomas Novak.
3:25 of 1st period - Stopped by Alexandar Georgiev without a rebound.
3:26 of 1st period - Mikael Backlund wins face-off versus Andreas Athanasiou in Panthers zone.
3:36 of 1st period - Owen Power is hit by Andreas Athanasiou.
3:58 of 1st period - Icing by Jake Sanderson.
3:59 of 1st period - Mikael Backlund wins face-off versus Reilly Smith in Panthers zone.
3:59 of 1st period - Mikael Backlund is hit by Reilly Smith.
4:20 of 1st period - Mikael Backlund is hit by Connor Murphy and loses puck.
4:39 of 1st period - Shot by Nick Schmaltz.
4:39 of 1st period - Shot Blocked by Jake Sanderson.
4:41 of 1st period - Shot by Torey Krug.
4:41 of 1st period - Shot Blocked by Owen Power.
4:43 of 1st period - Shot by Nick Schmaltz.
4:43 of 1st period - Shot Misses the Net.
4:57 of 1st period - Jake Sanderson is hit by Garnet Hathaway and loses puck.
5:45 of 1st period - Icing by Charlie McAvoy.
5:46 of 1st period - Aleksander Barkov wins face-off versus Andreas Athanasiou in Panthers zone.
5:46 of 1st period - Aleksander Barkov is hit by Oliver Bjorkstrand.
5:53 of 1st period - Shot by Matthew Tkachuk.
5:53 of 1st period - Stopped by Tristan Jarry without a rebound.
5:54 of 1st period - Roope Hintz wins face-off versus Andreas Athanasiou in Jets zone.
5:59 of 1st period - Shot by Brady Tkachuk.
5:59 of 1st period - Shot Misses the Net.
6:01 of 1st period - Shot by Alexandre Carrier.
6:01 of 1st period - Deflect By Roope Hintz.
6:01 of 1st period - Stopped by Tristan Jarry with a rebound.
6:13 of 1st period - Shot by Brady Tkachuk.
6:13 of 1st period - Shot Blocked by Torey Krug.
6:20 of 1st period - Icing by Andreas Athanasiou.
6:21 of 1st period - Aleksander Barkov wins face-off versus Andreas Athanasiou in Jets zone.
6:27 of 1st period - Andrei Svechnikov is hit by Connor Murphy and loses puck.
6:48 of 1st period - Shot by Andreas Athanasiou.
6:48 of 1st period - Shot Blocked by Quinn Hughes.
6:55 of 1st period - Quinn Hughes is hit by Andreas Athanasiou and loses puck.
8:10 of 1st period - Off-side.
8:11 of 1st period - Mark Jankowski wins face-off versus Mikael Backlund in neutral zone.
8:13 of 1st period - Nate Schmidt is hit by Owen Power and loses puck.
8:16 of 1st period - Shot by Mark Jankowski.
8:16 of 1st period - Stopped by Alexandar Georgiev without a rebound.
8:17 of 1st period - Aleksander Barkov wins face-off versus Victor Olofsson in Panthers zone.
8:17 of 1st period - Aleksander Barkov is hit by Mark Jankowski.
8:27 of 1st period - Shot by Andrei Svechnikov.
8:27 of 1st period - Shot Misses the Net.
8:51 of 1st period - Andrei Svechnikov is hit by Jake Bean and loses puck.
9:25 of 1st period - Icing by Jake Sanderson.
9:26 of 1st period - Roope Hintz wins face-off versus Nick Schmaltz in Panthers zone.
9:31 of 1st period - Shot by Nick Schmaltz.
9:31 of 1st period - Shot Blocked by Brady Tkachuk.
9:33 of 1st period - Shot by Reilly Smith.
9:33 of 1st period - Shot Misses the Net.
10:21 of 1st period - Roope Hintz is hit by Garnet Hathaway and loses puck.
10:25 of 1st period - Minor Penalty to Jake Sanderson for Interference.
10:26 of 1st period - Mikael Backlund wins face-off versus Oliver Bjorkstrand in Panthers zone.
10:26 of 1st period - Mikael Backlund is hit by Victor Olofsson.
10:59 of 1st period - Shot by Torey Krug.
10:59 of 1st period - Shot Misses the Net.
11:01 of 1st period - Shot by Hampus Lindholm.
11:01 of 1st period - Shot Misses the Net.
11:34 of 1st period - Off-side.
11:35 of 1st period - Andreas Athanasiou wins face-off versus Mikael Backlund in neutral zone.
12:02 of 1st period - Shot by Nate Schmidt.
12:02 of 1st period - Stopped by Alexandar Georgiev without a rebound.
12:03 of 1st period - Roope Hintz wins face-off versus Nick Schmaltz in Panthers zone.
12:37 of 1st period - Shot by Andrei Svechnikov.
12:37 of 1st period - Stopped by Tristan Jarry without a rebound.
12:38 of 1st period - Darren Helm wins face-off versus Brady Tkachuk in Jets zone.
12:38 of 1st period - Darren Helm is hit by Brady Tkachuk.
13:10 of 1st period - Charlie McAvoy is hit by Nate Schmidt and loses puck.
13:17 of 1st period - Shot by Roope Hintz.
13:17 of 1st period - Shot Misses the Net.
13:19 of 1st period - Shot by Brady Tkachuk.
13:19 of 1st period - Shot Misses the Net.
14:02 of 1st period - Aleksander Barkov is hit by Darren Helm and loses puck.
14:10 of 1st period - Icing by Alexandre Carrier.
14:11 of 1st period - Aleksander Barkov wins face-off versus Andreas Athanasiou in Panthers zone.
14:30 of 1st period - Hampus Lindholm is hit by Robby Fabbri and loses puck.
14:42 of 1st period - Dmitry Orlov is hit by Michael McLeod and loses puck.
15:15 of 1st period - Connor Murphy is hit by Michael McLeod and loses puck.
15:23 of 1st period - Icing by Connor Murphy.
15:24 of 1st period - Mikael Backlund wins face-off versus Nick Schmaltz in Jets zone.
15:35 of 1st period - Shot by Jamie Benn.
15:35 of 1st period - Shot Blocked by Torey Krug.
15:37 of 1st period - Shot by Mikael Backlund.
15:37 of 1st period - Goal by Mikael Backlund - Panthers : 1 - Jets : 0.
15:38 of 1st period - Mark Jankowski wins face-off versus Aleksander Barkov in neutral zone.
15:50 of 1st period - Icing by Oliver Ekman-Larsson.
15:51 of 1st period - Aleksander Barkov wins face-off versus Nick Schmaltz in Panthers zone.
15:53 of 1st period - Icing by Andrei Svechnikov.
15:54 of 1st period - Nick Schmaltz wins face-off versus Aleksander Barkov in Panthers zone.
15:54 of 1st period - Nick Schmaltz is hit by Oliver Ekman-Larsson.
15:57 of 1st period - Reilly Smith is hit by Oliver Ekman-Larsson.
15:58 of 1st period - Minor Penalty to Alexandre Carrier for Hooking.
15:59 of 1st period - Nick Schmaltz wins face-off versus Mikael Backlund in Panthers zone.
16:09 of 1st period - Quinn Hughes is hit by Hampus Lindholm and loses puck.
17:00 of 1st period - Charlie McAvoy is hit by Andreas Athanasiou and loses puck.
17:27 of 1st period - Shot by Dmitry Orlov.
17:27 of 1st period - Shot Misses the Net.
17:36 of 1st period - Icing by Andreas Athanasiou.
17:37 of 1st period - Mikael Backlund wins face-off versus Victor Olofsson in Jets zone.
18:02 of 1st period - Alexandre Carrier is hit by Garnet Hathaway and loses puck.
18:07 of 1st period - Shot by Torey Krug.
18:07 of 1st period - Shot Blocked by Oliver Ekman-Larsson.
18:09 of 1st period - Shot by Garnet Hathaway.
18:09 of 1st period - Shot Blocked by Oliver Ekman-Larsson.
18:38 of 1st period - Shot by Darren Helm.
18:38 of 1st period - Shot Misses the Net.
Goals for this period are 1 for Panthers vs 0 for Jets.
Shots for this period are 7 for Panthers vs 3 for Jets.

2nd period


0:01 of 2nd period - Andreas Athanasiou wins face-off versus Aleksander Barkov in neutral zone.
0:12 of 2nd period - Shot by Andreas Athanasiou.
0:12 of 2nd period - Shot Misses the Net.
0:23 of 2nd period - Shot by Oliver Bjorkstrand.
0:23 of 2nd period - Deflect By Andreas Athanasiou.
0:23 of 2nd period - Stopped by Alexandar Georgiev without a rebound.
0:24 of 2nd period - Brady Tkachuk wins face-off versus Nick Schmaltz in Panthers zone.
0:24 of 2nd period - Brady Tkachuk is hit by Andre Burakovsky.
0:46 of 2nd period - Shot by Roope Hintz.
0:46 of 2nd period - Shot Misses the Net.
0:48 of 2nd period - Shot by Brady Tkachuk.
0:48 of 2nd period - Shot Misses the Net.
1:03 of 2nd period - Roope Hintz is hit by Torey Krug and loses puck.
1:30 of 2nd period - Torey Krug is hit by Andrei Svechnikov and loses puck.
1:47 of 2nd period - Shot by Aleksander Barkov.
1:47 of 2nd period - Stopped by Tristan Jarry without a rebound.
1:48 of 2nd period - Mikael Backlund wins face-off versus Andreas Athanasiou in Jets zone.
1:57 of 2nd period - Shot by Jamie Benn.
1:57 of 2nd period - Shot Blocked by Dmitry Orlov.
2:05 of 2nd period - Mikael Backlund is hit by Dmitry Orlov and loses puck.
2:13 of 2nd period - Icing by Hampus Lindholm.
2:14 of 2nd period - Andreas Athanasiou wins face-off versus Frederick Gaudreau in Jets zone.
2:27 of 2nd period - Shot by Frederick Gaudreau.
2:27 of 2nd period - Shot Misses the Net.
2:33 of 2nd period - Shot by Michael McLeod.
2:33 of 2nd period - Stopped by Tristan Jarry without a rebound.
2:34 of 2nd period - Andrei Svechnikov wins face-off versus Oskar Sundqvist in Jets zone.
2:34 of 2nd period - Andrei Svechnikov is hit by Jake Bean.
2:47 of 2nd period - Victor Olofsson is hit by Andrei Svechnikov.
2:50 of 2nd period - Minor Penalty to Charlie McAvoy for Interference.
2:51 of 2nd period - Mikael Backlund wins face-off versus Oliver Bjorkstrand in Panthers zone.
2:51 of 2nd period - Mikael Backlund is hit by Victor Olofsson.
3:09 of 2nd period - Shot by Oliver Bjorkstrand.
3:09 of 2nd period - Stopped by Alexandar Georgiev without a rebound.
3:10 of 2nd period - Nick Schmaltz wins face-off versus Mikael Backlund in Panthers zone.
3:25 of 2nd period - Shot by Andre Burakovsky.
3:25 of 2nd period - Stopped by Alexandar Georgiev with a rebound.
3:45 of 2nd period - Shot by Gustav Nyquist.
3:45 of 2nd period - Stopped by Alexandar Georgiev without a rebound.
3:46 of 2nd period - Frederick Gaudreau wins face-off versus Andreas Athanasiou in Panthers zone.
3:56 of 2nd period - Oliver Bjorkstrand is hit by Jake Sanderson.
3:58 of 2nd period - Shot by Andreas Athanasiou.
3:58 of 2nd period - Shot Misses the Net.
4:20 of 2nd period - Shot by Andreas Athanasiou.
4:20 of 2nd period - Stopped by Alexandar Georgiev without a rebound.
4:21 of 2nd period - Nick Schmaltz wins face-off versus Mikael Backlund in Panthers zone.
4:26 of 2nd period - Shot by Nate Schmidt.
4:26 of 2nd period - Goal by Nate Schmidt - Panthers : 1 - Jets : 1.
4:27 of 2nd period - Aleksander Barkov wins face-off versus Nick Schmaltz in neutral zone.
4:27 of 2nd period - Matthew Tkachuk is hit by Andre Burakovsky and loses puck.
6:18 of 2nd period - Shot by Roope Hintz.
6:18 of 2nd period - Deflect By Shane Pinto.
6:18 of 2nd period - Stopped by Tristan Jarry without a rebound.
6:19 of 2nd period - Mikael Backlund wins face-off versus Andreas Athanasiou in Jets zone.
6:27 of 2nd period - Icing by Oliver Bjorkstrand.
6:28 of 2nd period - Andreas Athanasiou wins face-off versus Mikael Backlund in Jets zone.
6:28 of 2nd period - Andreas Athanasiou is hit by Jamie Benn.
7:00 of 2nd period - Alexandre Carrier is hit by Andreas Athanasiou.
8:12 of 2nd period - Off-side.
8:13 of 2nd period - Reilly Smith wins face-off versus Roope Hintz in neutral zone.
9:15 of 2nd period - Hampus Lindholm is hit by Owen Power and loses puck.
9:26 of 2nd period - Shot by Mark Jankowski.
9:26 of 2nd period - Shot Blocked by Owen Power.
9:28 of 2nd period - Shot by Victor Olofsson.
9:28 of 2nd period - Shot Misses the Net.
9:32 of 2nd period - Shot by Oskar Sundqvist.
9:32 of 2nd period - Stopped by Alexandar Georgiev without a rebound.
9:33 of 2nd period - Darren Helm wins face-off versus Aleksander Barkov in Panthers zone.
9:36 of 2nd period - Shot by Dmitry Orlov.
9:36 of 2nd period - Shot Misses the Net.
10:00 of 2nd period - Shot by Charlie McAvoy.
10:00 of 2nd period - Stopped by Tristan Jarry without a rebound.
10:01 of 2nd period - Jamie Benn wins face-off versus Mark Jankowski in Jets zone.
10:04 of 2nd period - Shot by Oliver Ekman-Larsson.
10:04 of 2nd period - Shot Misses the Net.
10:06 of 2nd period - Shot by Mikael Backlund.
10:06 of 2nd period - Stopped by Tristan Jarry without a rebound.
10:07 of 2nd period - Mikael Backlund wins face-off versus Andreas Athanasiou in Jets zone.
10:30 of 2nd period - Shot by Jamie Benn.
10:30 of 2nd period - Shot Misses the Net.
10:36 of 2nd period - Shot by Mikael Backlund.
10:36 of 2nd period - Stopped by Tristan Jarry without a rebound.
10:37 of 2nd period - Aleksander Barkov wins face-off versus Victor Olofsson in Jets zone.
11:36 of 2nd period - Mark Jankowski is hit by Andrei Svechnikov and loses puck.
11:49 of 2nd period - Shot by Shane Pinto.
11:49 of 2nd period - Shot Blocked by Dmitry Orlov.
12:20 of 2nd period - Mark Jankowski is hit by Roope Hintz and loses puck.
12:27 of 2nd period - Shot by Brady Tkachuk.
12:27 of 2nd period - Shot Misses the Net.
12:43 of 2nd period - Shot by Emil Bemstrom.
12:43 of 2nd period - Shot Misses the Net.
12:59 of 2nd period - Shot by Jamie Benn.
12:59 of 2nd period - Stopped by Tristan Jarry without a rebound.
13:00 of 2nd period - Nick Schmaltz wins face-off versus Frederick Gaudreau in Jets zone.
13:31 of 2nd period - Shot by Frederick Gaudreau.
13:31 of 2nd period - Stopped by Tristan Jarry without a rebound.
13:32 of 2nd period - Andreas Athanasiou wins face-off versus Aleksander Barkov in Jets zone.
15:07 of 2nd period - Icing by Alexandre Carrier.
15:08 of 2nd period - Roope Hintz wins face-off versus Darren Helm in Panthers zone.
15:08 of 2nd period - Brady Tkachuk is hit by Garnet Hathaway and loses puck.
15:40 of 2nd period - Jamie Benn is hit by Connor Murphy and loses puck.
17:10 of 2nd period - Shot by Andrei Svechnikov.
17:10 of 2nd period - Shot Misses the Net.
19:45 of 2nd period - Shot by Jamie Benn.
19:45 of 2nd period - Deflect By Mikael Backlund.
19:45 of 2nd period - Shot Blocked by Torey Krug.
19:51 of 2nd period - Shot by Mikael Backlund.
19:51 of 2nd period - Stopped by Tristan Jarry without a rebound.
19:52 of 2nd period - Aleksander Barkov wins face-off versus Darren Helm in Jets zone.
Goals for this period are 0 for Panthers vs 1 for Jets.
Shots for this period are 9 for Panthers vs 7 for Jets.

3rd period


0:01 of 3rd period - Nick Schmaltz wins face-off versus Aleksander Barkov in neutral zone.
0:07 of 3rd period - Reilly Smith is hit by Charlie McAvoy and loses puck.
0:16 of 3rd period - Quinn Hughes is hit by Hampus Lindholm and loses puck.
0:49 of 3rd period - Dmitry Orlov is hit by Andrei Svechnikov and loses puck.
1:08 of 3rd period - Off-side.
1:09 of 3rd period - Mikael Backlund wins face-off versus Darren Helm in neutral zone.
1:32 of 3rd period - Shot by Jamie Benn.
1:32 of 3rd period - Shot Blocked by Garnet Hathaway.
1:45 of 3rd period - Icing by Torey Krug.
1:46 of 3rd period - Roope Hintz wins face-off versus Darren Helm in Jets zone.
2:12 of 3rd period - Shot by Roope Hintz.
2:12 of 3rd period - Stopped by Tristan Jarry without a rebound.
2:13 of 3rd period - Aleksander Barkov wins face-off versus Mark Jankowski in Jets zone.
3:48 of 3rd period - Shot by Brady Tkachuk.
3:48 of 3rd period - Deflect By Roope Hintz.
3:48 of 3rd period - Shot Misses the Net.
3:51 of 3rd period - Icing by Nate Schmidt.
3:52 of 3rd period - Mikael Backlund wins face-off versus Mark Jankowski in Jets zone.
3:55 of 3rd period - Shot by Jamie Benn.
3:55 of 3rd period - Shot Misses the Net.
3:57 of 3rd period - Shot by Oliver Ekman-Larsson.
3:57 of 3rd period - Shot Misses the Net.
3:59 of 3rd period - Shot by Mikael Backlund.
3:59 of 3rd period - Shot Misses the Net.
4:10 of 3rd period - Shot by Jamie Benn.
4:10 of 3rd period - Stopped by Tristan Jarry without a rebound.
4:11 of 3rd period - Nick Schmaltz wins face-off versus Matthew Tkachuk in Jets zone.
4:11 of 3rd period - Nick Schmaltz is hit by Andrei Svechnikov.
4:43 of 3rd period - Shot by Andrei Svechnikov.
4:43 of 3rd period - Shot Misses the Net.
4:45 of 3rd period - Shot by Aleksander Barkov.
4:45 of 3rd period - Stopped by Tristan Jarry without a rebound.
4:46 of 3rd period - Andreas Athanasiou wins face-off versus Roope Hintz in Jets zone.
4:46 of 3rd period - Andreas Athanasiou is hit by Brady Tkachuk.
5:09 of 3rd period - Icing by Jake Sanderson.
5:10 of 3rd period - Darren Helm wins face-off versus Roope Hintz in Panthers zone.
5:17 of 3rd period - Shot by Darren Helm.
5:17 of 3rd period - Deflect By Thomas Novak.
5:17 of 3rd period - Stopped by Alexandar Georgiev without a rebound.
5:18 of 3rd period - Aleksander Barkov wins face-off versus Nick Schmaltz in Panthers zone.
5:24 of 3rd period - Nick Schmaltz is hit by Matthew Tkachuk and loses puck.
5:48 of 3rd period - Aleksander Barkov is hit by Dmitry Orlov and loses puck.
5:54 of 3rd period - Matthew Tkachuk is hit by Dmitry Orlov and loses puck.
6:02 of 3rd period - Aleksander Barkov is hit by Dmitry Orlov and loses puck.
6:18 of 3rd period - Jamie Benn is hit by Dmitry Orlov and loses puck.
6:20 of 3rd period - Minor Penalty to Dmitry Orlov for Cross-checking.
6:21 of 3rd period - Andreas Athanasiou wins face-off versus Roope Hintz in Jets zone.
6:21 of 3rd period - Andreas Athanasiou is hit by Brady Tkachuk.
6:22 of 3rd period - Minor Penalty to Brady Tkachuk for Roughing.
6:23 of 3rd period - Mikael Backlund wins face-off versus Nick Schmaltz in Panthers zone.
6:40 of 3rd period - Shot by Mikael Backlund.
6:40 of 3rd period - Shot Misses the Net.
6:58 of 3rd period - Shot by Victor Olofsson.
6:58 of 3rd period - Shot Misses the Net.
7:13 of 3rd period - Icing by Hampus Lindholm.
7:14 of 3rd period - Roope Hintz wins face-off versus Andreas Athanasiou in Jets zone.
7:47 of 3rd period - Shot by Roope Hintz.
7:47 of 3rd period - Shot Misses the Net.
9:03 of 3rd period - Shot by Nate Schmidt.
9:03 of 3rd period - Shot Misses the Net.
9:06 of 3rd period - Icing by Alexandre Carrier.
9:07 of 3rd period - Frederick Gaudreau wins face-off versus Mark Jankowski in Panthers zone.
9:09 of 3rd period - Icing by Robby Fabbri.
9:10 of 3rd period - Frederick Gaudreau wins face-off versus Victor Olofsson in Panthers zone.
9:54 of 3rd period - Icing by Matthew Tkachuk.
9:55 of 3rd period - Andreas Athanasiou wins face-off versus Aleksander Barkov in Panthers zone.
10:02 of 3rd period - Shot by Oliver Bjorkstrand.
10:02 of 3rd period - Stopped by Alexandar Georgiev without a rebound.
10:03 of 3rd period - Andreas Athanasiou wins face-off versus Roope Hintz in Panthers zone.
10:03 of 3rd period - Andreas Athanasiou is hit by Charlie McAvoy.
10:11 of 3rd period - Gustav Nyquist is hit by Brady Tkachuk and loses puck.
10:15 of 3rd period - Connor Murphy is hit by Brady Tkachuk.
10:22 of 3rd period - Gustav Nyquist is hit by Charlie McAvoy and loses puck.
10:43 of 3rd period - Shot by Roope Hintz.
10:43 of 3rd period - Shot Misses the Net.
10:46 of 3rd period - Icing by Gustav Nyquist.
10:47 of 3rd period - Aleksander Barkov wins face-off versus Andreas Athanasiou in Jets zone.
10:48 of 3rd period - Shot by Andrei Svechnikov.
10:48 of 3rd period - Shot Blocked by Gustav Nyquist.
10:55 of 3rd period - Andreas Athanasiou is hit by Andrei Svechnikov.
11:12 of 3rd period - Nick Schmaltz is hit by Jake Sanderson and loses puck.
11:15 of 3rd period - Shot by Nick Schmaltz.
11:15 of 3rd period - Stopped by Alexandar Georgiev without a rebound.
11:16 of 3rd period - Mikael Backlund wins face-off versus Darren Helm in Panthers zone.
11:22 of 3rd period - Oliver Ekman-Larsson is hit by Dmitry Orlov and loses puck.
11:35 of 3rd period - Shot by Mikael Backlund.
11:35 of 3rd period - Stopped by Tristan Jarry with a rebound.
11:39 of 3rd period - Shot by Oliver Ekman-Larsson.
11:39 of 3rd period - Shot Misses the Net.
12:24 of 3rd period - Shot by Aleksander Barkov.
12:24 of 3rd period - Goal by Aleksander Barkov - Panthers : 2 - Jets : 1.
12:25 of 3rd period - Nick Schmaltz wins face-off versus Roope Hintz in neutral zone.
12:32 of 3rd period - Shot by Nick Schmaltz.
12:32 of 3rd period - Shot Blocked by Charlie McAvoy.
12:34 of 3rd period - Shot by Reilly Smith.
12:34 of 3rd period - Stopped by Alexandar Georgiev with a rebound.
12:36 of 3rd period - Shot by Connor Murphy.
12:36 of 3rd period - Shot Misses the Net.
12:42 of 3rd period - Shot by Nick Schmaltz.
12:42 of 3rd period - Deflect By Reilly Smith.
12:42 of 3rd period - Stopped by Alexandar Georgiev without a rebound.
12:43 of 3rd period - Andreas Athanasiou wins face-off versus Aleksander Barkov in Panthers zone.
13:06 of 3rd period - Shot by Gustav Nyquist.
13:06 of 3rd period - Shot Misses the Net.
13:08 of 3rd period - Shot by Andreas Athanasiou.
13:08 of 3rd period - Shot Misses the Net.
13:10 of 3rd period - Shot by Gustav Nyquist.
13:10 of 3rd period - Deflect By Andreas Athanasiou.
13:10 of 3rd period - Shot Misses the Net.
13:12 of 3rd period - Shot by Gustav Nyquist.
13:12 of 3rd period - Stopped by Alexandar Georgiev without a rebound.
13:13 of 3rd period - Nick Schmaltz wins face-off versus Roope Hintz in Panthers zone.
13:20 of 3rd period - Shot by Andre Burakovsky.
13:20 of 3rd period - Stopped by Alexandar Georgiev with a rebound.
13:22 of 3rd period - Shot by Reilly Smith.
13:22 of 3rd period - Shot Misses the Net.
13:24 of 3rd period - Shot by Connor Murphy.
13:24 of 3rd period - Stopped by Alexandar Georgiev without a rebound.
13:25 of 3rd period - Mark Jankowski wins face-off versus Mikael Backlund in Panthers zone.
13:51 of 3rd period - Off-side.
13:52 of 3rd period - Nick Schmaltz wins face-off versus Aleksander Barkov in neutral zone.
14:13 of 3rd period - Shot by Aleksander Barkov.
14:13 of 3rd period - Stopped by Tristan Jarry without a rebound.
14:14 of 3rd period - Roope Hintz wins face-off versus Gustav Nyquist in Jets zone.
14:17 of 3rd period - Shot by Roope Hintz.
14:17 of 3rd period - Stopped by Tristan Jarry without a rebound.
14:18 of 3rd period - Roope Hintz wins face-off versus Andreas Athanasiou in Jets zone.
14:24 of 3rd period - Icing by Dmitry Orlov.
14:25 of 3rd period - Aleksander Barkov wins face-off versus Andreas Athanasiou in Jets zone.
14:47 of 3rd period - Minor Penalty to Andreas Athanasiou for Hooking.
14:48 of 3rd period - Garnet Hathaway wins face-off versus Roope Hintz in Jets zone.
14:48 of 3rd period - Garnet Hathaway is hit by Brady Tkachuk.
15:43 of 3rd period - Off-side.
15:44 of 3rd period - Jamie Benn wins face-off versus Garnet Hathaway in neutral zone.
17:12 of 3rd period - Shot by Michael McLeod.
17:12 of 3rd period - Shot Blocked by Oliver Bjorkstrand.
17:18 of 3rd period - Shot by Robby Fabbri.
17:18 of 3rd period - Stopped by Tristan Jarry without a rebound.
17:19 of 3rd period - Oskar Sundqvist wins face-off versus Roope Hintz in Jets zone.
17:21 of 3rd period - Icing by Torey Krug.
17:22 of 3rd period - Roope Hintz wins face-off versus Mark Jankowski in Jets zone.
17:49 of 3rd period - Shot by Brady Tkachuk.
17:49 of 3rd period - Deflect By Roope Hintz.
17:49 of 3rd period - Stopped by Tristan Jarry without a rebound.
17:50 of 3rd period - Aleksander Barkov wins face-off versus Nick Schmaltz in Jets zone.
18:29 of 3rd period - Shot by Nick Schmaltz.
18:29 of 3rd period - Stopped by Alexandar Georgiev without a rebound.
18:30 of 3rd period - Shane Pinto wins face-off versus Andreas Athanasiou in Panthers zone.
18:49 of 3rd period - Shot by Roope Hintz.
18:49 of 3rd period - Goal by Roope Hintz - Panthers : 3 - Jets : 1.
18:50 of 3rd period - Mikael Backlund wins face-off versus Garnet Hathaway in neutral zone.
19:27 of 3rd period - Icing by Oliver Ekman-Larsson.
19:28 of 3rd period - Mikael Backlund wins face-off versus Andre Burakovsky in Panthers zone.
19:38 of 3rd period - Alexandre Carrier is hit by Dmitry Orlov and loses puck.
19:51 of 3rd period - Shot by Nick Schmaltz.
19:51 of 3rd period - Deflect By Andre Burakovsky.
19:51 of 3rd period - Stopped by Alexandar Georgiev without a rebound.
19:52 of 3rd period - Aleksander Barkov wins face-off versus Andreas Athanasiou in Panthers zone.
Goals for this period are 2 for Panthers vs 0 for Jets.
Shots for this period are 10 for Panthers vs 10 for Jets.